 Dungeon Crawl Stone Soup version 0.25.1-8-g42b30a86e7 (webtiles) character file.

Game seed: 11494505509028256083

121 hawla the Conjurer (level 4, 0/24 HPs)
             Began as a Deep Elf Conjurer on Dec 2, 2020.
             Slain by an orc wizard
             ... wielding a +0 dagger
              (4 damage)
             ... on level 3 of the Dungeon on Dec 3, 2020.
             The game lasted 00:06:48 (2523 turns).

hawla the Conjurer (Deep Elf Conjurer)              Turns: 2523, Time: 00:06:48

Health: 0/24       AC:  3    Str:  5    XL:     4   Next: 76%
Magic:  0/13       EV: 13    Int: 21    God:
Gold:   89         SH:  0    Dex: 15    Spells: 6/13 levels left

rFire    + . .     SeeInvis .   (no weapon)
rCold    + . .     Gourm    .   (no shield)
rNeg     . . .     Faith    .   a - +0 robe
rPois    +         Spirit   .   (no helmet)
rElec    +         Reflect  .   (no cloak)
rCorr    +         Harm     .   k - +0 pair of gloves (curse)
MR       .....                  (no boots)
Stlth    ++........             (no amulet)
HPRegen  0.08/turn              (no ring)
MPRegen  0.13/turn              (no ring)

@: mighty, brilliant, resistant, very slightly contaminated
A: no striking features
a: no special abilities


You were on level 3 of the Dungeon.
You were not hungry.

You visited 1 branch of the dungeon, and saw 3 of its levels.

You collected 89 gold pieces.

Inventory:

Missiles
 j - 2 silver boomerangs (quivered)
Armour
 a - a +0 robe (worn)
 k - a cursed +0 pair of gloves (worn)
Jewellery
 h - an uncursed amulet of faith
Scrolls
 e - a scroll of identify {unknown}
 g - 2 scrolls of immolation {unknown}
 l - a scroll of enchant armour {unknown}
Comestibles
 b - 2 chunks of flesh
 c - 11 rations


   Skills:
 + Level 2.4 Dodging
 - Level 2.4 Stealth
 + Level 5.2 Spellcasting
 + Level 5.7 Conjurations


You had 6 spell levels left.
You knew the following spells:

 Your Spells              Type           Power        Failure   Level  Hunger
a - Magic Dart            Conj           ####         1%          1    None
b - Searing Ray           Conj           #####.       1%          2    None
c - Iskenderun's Mystic   Conj/Tloc      ####....     32%         4    None

Your spell library contained the following spells:

 Spells                   Type           Power        Failure   Level  Hunger
 Dazzling Flash           Conj/Hex       ####..       10%         3    None
 Fulminant Prism          Conj/Hex       ####......   32%         4    None


Dungeon Overview and Level Annotations

Branches:
Dungeon (3/15)

Altars:


Message History

* * * LOW HITPOINT WARNING * * *
Casting: Magic Dart (safe; 1% risk of failure)
Confirm with . or Enter, or press ? or * to list all spells.
Okay, then.
Unknown command.
Unknown command.
Casting: Magic Dart (safe; 1% risk of failure)
Confirm with . or Enter, or press ? or * to list all spells.
Okay, then.
Casting: Magic Dart (safe; 1% risk of failure)
Confirm with . or Enter, or press ? or * to list all spells.
Aiming: Magic Dart (safe; 1% risk of failure)
Press: ? - help, Shift-Dir - straight line You feel a surge of power!
The magic dart hits something.
Something hits you but does no damage.
Casting: Magic Dart (safe; 1% risk of failure)
Confirm with . or Enter, or press ? or * to list all spells.
You don't have enough magic to cast that spell.
Something hits you.
You die...

##..!##
#####.....##
..........##
#
#.........#$#
#.........
#......
#.####...#
......{@.#
#.####.<)#
#.### #. #.
.$ #. #. #.


There were no monsters in sight!

Vanquished Creatures
  An orc wizard (D:3)
  2 adders (D:2)
  3 oozes
  2 worms (D:2)
  2 dart slugs (D:1)
  3 leopard geckos
  2 orcs (D:3)
  3 bats
  2 giant cockroaches (D:1)
  7 goblins
  7 hobgoblins
  A quokka (D:2)
  2 ball pythons (D:2)
  4 frilled lizards (D:1)
  5 kobolds (D:1)
  6 rats
52 creatures vanquished.

Notes
Turn   | Place    | Note
-------+----------+-------------------------------------------
     0 | D:1      | hawla the Deep Elf Conjurer began the quest for the Orb.
     0 | D:1      | Reached XP level 1. HP: 10/10 MP: 6/6
   180 | D:1      | Reached XP level 2. HP: 15/15 MP: 5/8
   693 | D:1      | Reached XP level 3. HP: 19/19 MP: 5/10
   697 | D:1      | Learned a level 2 spell: Searing Ray
   747 | D:1      | Reached skill level 5 in Conjurations
  1868 | D:2      | Reached XP level 4. HP: 21/24 MP: 9/12
  2349 | D:2      | Learned a level 4 spell: Iskenderun's Mystic Blast
  2356 | D:3      | Reached skill level 5 in Spellcasting
  2523 | D:3      | Slain by an orc wizard

Illustrated notes

Levels and vault maps discovered:
D:1:      scummos_arrival_star, layout_basic, serial_aquarium,
          aquarium_bridge_long_joined [aquarium_subvault_bridge,
          aquarium_subvault_window, aquarium_subvault_window,
          aquarium_subvault_bridge, aquarium_subvault_bridge,
          aquarium_subvault_bridge], aquarium_bridge_square
          [aquarium_subvault_wall, aquarium_subvault_window,
          aquarium_subvault_bridge, aquarium_subvault_wall],
          aquarium_window_fake, aquarium_window_corridor_1,
          aquarium_window_fake, aquarium_view_4, aquarium_pool_1
D:2:      layout_loops_ring, serial_bayou, serial_bayou_pond_b,
          serial_bayou_pond_e, serial_bayou_pond_c, serial_bayou_lake_a,
          st_stairs_7
D:3:      layout_loops_ring, feat_on_display

Skill      XL: |  1  2  3  4 |
---------------+-------------+-----
Spellcasting   | 4 5 |  5.2
Conjurations   | 5 |  5.7
Dodging        | |  2.4
Stealth        | |  2.4

Action                   |  1- 3 |  4- 6 || total
-------------------------+-------+-------++-------
Melee: Unarmed           |     9 |    12 ||    21
 Cast: Magic Dart        |    60 |     9 ||    69
       Searing Ray       |     9 |     7 ||    16
       Iskenderun's Myst |       |     1 ||     1
  Use: Potion            |       |     4 ||     4
  Eat: Chunk             |     3 |     2 ||     5
Armor: Robe              |       |     8 ||     8
Dodge: Dodged            |     7 |     9 ||    16
